 Dungeon Crawl Stone Soup version 0.30-a0-1114-gd936c97349 (webtiles) character file.

Game seed: 3448460434284943973

1108 hikkokomori the Chopper (level 8, -2/67 HPs)
             Began as a Gnoll Berserker on Apr 21, 2023.
             Was an Elder of Trog.
             Succumbed to a gnoll bouda's poison
             ... in the Ecumenical Temple.
             The game lasted 00:06:13 (3471 turns).

hikkokomori the Chopper (Gnoll Berserker)           Turns: 3471, Time: 00:06:14

Health: -2/67      AC: 22    Str: 18    XL:     8   Next: 33%
Magic:  21/21      EV: 12    Int: 14    God:    Trog [****..]
Gold:   245        SH:  0    Dex: 11    Spells: 13/13 levels left

rFire   + . .      SeeInvis .    B - +7 staff of the Meek {protect, meekguard}
rCold   + . .      Faith    +    (shield currently unavailable)
rNeg    . . .      Spirit   .    f - +0 ring mail
rPois   +          Reflect  .    y - +2 hat
rElec   +          Rampage  .    z - scarf {shadows}
rCorr   +                        (no gloves)
Will    .....                    (no boots)
Stlth   +                        E - amulet of faith
HPRegen 0.31/turn                r - +6 ring of intelligence
MPRegen 0.17/turn                v - ring of magical power

@: lethally poisoned (-2 -> -12), resistant, under a protective aura
A: fangs 1, strong nose, distributed training
a: Renounce Religion, Berserk, Trog's Hand, Brothers in Arms


You were in the Ecumenical Temple.
You worshipped Trog.
Trog was greatly pleased with you.
You visited 2 branches of the dungeon, and saw 6 of its levels.

You collected 245 gold pieces.

Inventory:

Hand Weapons
 a - a +0 hand axe
 u - a +1 morningstar
 B - the +7 staff of the Meek (weapon) {protect, meekguard}
   (You took it off a hobgoblin on level 4 of the Dungeon)
Missiles
 s - 2 javelins (quivered)
Armour
 b - a +0 animal skin
 f - a +0 ring mail (worn)
 g - an orb of light
 y - a +2 hat (worn)
 z - a scarf of shadows (worn)
Jewellery
 r - a +6 ring of intelligence (left hand)
 v - a ring of magical power (right hand)
 E - an amulet of faith (around neck)
 F - the amulet of Elemental Vulnerability {rPois rF-- rC-- AC+8}
   (You found it on level 5 of the Dungeon)

   [amulet of nothing]

   AC:        It affects your AC (+8).
   rF:        It makes you very vulnerable to fire.
   rC:        It makes you very vulnerable to cold.
   rPois:     It protects you from poison.
Scrolls
 d - 2 scrolls of noise {unknown}
 e - a scroll of amnesia {unknown}
 l - 3 scrolls of enchant armour
 n - 3 scrolls of enchant weapon
 o - a scroll of identify
 p - 2 scrolls of blinking {unknown}
 x - a scroll of torment {unknown}
 A - a scroll of silence {unknown}
 D - a scroll of magic mapping {unknown}
Potions
 c - 2 potions of invisibility
 h - a potion of haste
 i - 2 potions of ambrosia
 j - a potion of attraction {unknown}
 k - 2 potions of flight
 q - a potion of magic {unknown}
 t - 2 potions of degeneration
 w - a potion of might {unknown}
 C - a potion of lignification {unknown}


   Skills:
 + Level 7.4 Fighting
 + Level 3.3 Short Blades
 + Level 3.3 Long Blades
 + Level 7.4 Axes
 + Level 3.3 Maces & Flails
 + Level 3.3 Polearms
 + Level 3.3 Staves
 + Level 3.3 Ranged Weapons
 + Level 3.3 Throwing
 + Level 5.7 Armour
 + Level 5.7 Dodging
 + Level 3.3 Stealth
 + Level 3.3 Shields
 + Level 3.3 Unarmed Combat
 + Level 3.3 Spellcasting
 + Level 2.7 Conjurations
 + Level 2.7 Hexes
 + Level 2.7 Summonings
 + Level 2.7 Necromancy
 + Level 2.7 Translocations
 + Level 2.7 Transmutations
 + Level 2.7 Fire Magic
 + Level 2.7 Ice Magic
 + Level 2.7 Air Magic
 + Level 2.7 Earth Magic
 + Level 2.7 Poison Magic
 + Level 3.6 Invocations
 + Level 3.3 Evocations


You had 13 spell levels left.
You didn't know any spells.
Your spell library was empty.

Dungeon Overview and Level Annotations

Branches:
Dungeon (5/15)             Temple (1/1) D:5

Altars:
Sif Muna

Shops:
D:4 :   D:5 *


Innate Abilities, Weirdness & Mutations

You have very sharp teeth.
Your uncanny sense of smell can sniff out nearby items.
Your experience applies equally to all skills.


Message History

You climb downwards.
Welcome to the Ecumenical Temple!
You feel very sick.
There is a staircase back to the Dungeon here.
You sock the gnoll bouda!
Your weapon exudes an aura of protection.
The gnoll bouda is heavily wounded.
You feel very sick.
The gnoll bouda hits you with a +2 whip of venom.
You are more poisoned.
The gnoll hits you but does no damage.
The gnoll bouda barks out a call to the hunt!
The gnoll picks up the pace!
You hit the gnoll bouda.
The gnoll bouda is severely wounded.
You feel very sick. The gnoll misses you.
The gnoll bouda hits you with a +2 whip of venom.
* * * LOW HITPOINT WARNING * * *
You are lethally poisoned!
It was a potion of resistance.
You feel protected.
* * * LOW HITPOINT WARNING * * *
You feel very sick. The gnoll hits you but does no damage.
The gnoll bouda completely misses you.
You barely miss the gnoll bouda.
The gnoll bouda is severely wounded.
* * * LOW HITPOINT WARNING * * *
You feel very sick. The gnoll hits you but does no damage.
The gnoll bouda barely misses you.
Unknown command.
You sock the gnoll bouda!
You kill the gnoll bouda!
Trog accepts your kill.
* * * LOW HITPOINT WARNING * * *
You feel very sick. The gnoll hits you with a +0 whip.
* * * LOW HITPOINT WARNING * * *
You hit the gnoll.
The gnoll is moderately wounded.
You die...

.....
####...####
#≈≈.....≈≈#
#≈≈.....≈≈#
.#.........#.
.....).g.....
......@......
.............
.#.........#.
#≈≈.....≈≈#
#≈≈.....≈≈#
####...####
.....


You could see a gnoll (swift).

Vanquished Creatures
  An orc warrior (D:4)
  A black bear (D:4)
  2 ogres
  A scorpion (D:5)
  2 jellies (D:5)
  2 howler monkeys
  2 hounds (D:5)
  2 gnoll boudas
  An orc priest (D:3)
  2 iguanas
  4 orc wizards
  8 adders
  5 gnolls (D:5)
  2 ufetubi
  3 dart slugs
  14 orcs
  6 bats
  8 endoplasms
  2 giant cockroaches
  12 goblins
  7 hobgoblins
  6 jackals
  4 quokkas
  5 ball pythons
  5 frilled lizards
  7 kobolds
  7 rats
121 creatures vanquished.

Notes
Turn   | Place    | Note
-------+----------+-------------------------------------------
     0 | D:1      | hikkokomori the Gnoll Berserker began the quest for the
                  | Orb.
     0 | D:1      | Reached XP level 1. HP: 23/23 MP: 1/1
    57 | D:1      | Reached XP level 2. HP: 29/29 MP: 2/2
   361 | D:1      | Reached XP level 3. HP: 35/35 MP: 3/3
   617 | D:2      | Reached ** piety under Trog
   638 | D:2      | Reached skill level 1 in Invocations
   757 | D:2      | Reached skill level 1 in Short Blades
   757 | D:2      | Reached skill level 1 in Long Blades
   757 | D:2      | Reached skill level 1 in Maces & Flails
   757 | D:2      | Reached skill level 1 in Polearms
   757 | D:2      | Reached skill level 1 in Staves
   757 | D:2      | Reached skill level 1 in Ranged Weapons
   757 | D:2      | Reached skill level 1 in Throwing
   757 | D:2      | Reached skill level 1 in Stealth
   757 | D:2      | Reached skill level 1 in Shields
   757 | D:2      | Reached skill level 1 in Unarmed Combat
   757 | D:2      | Reached skill level 1 in Spellcasting
   757 | D:2      | Reached skill level 1 in Evocations
   780 | D:2      | Found a shimmering blue altar of Sif Muna.
   884 | D:2      | Reached XP level 4. HP: 39/41 MP: 5/5
  1158 | D:3      | Reached skill level 1 in Conjurations
  1158 | D:3      | Reached skill level 1 in Hexes
  1158 | D:3      | Reached skill level 1 in Summonings
  1158 | D:3      | Reached skill level 1 in Necromancy
  1158 | D:3      | Reached skill level 1 in Translocations
  1158 | D:3      | Reached skill level 1 in Transmutations
  1158 | D:3      | Reached skill level 1 in Fire Magic
  1158 | D:3      | Reached skill level 1 in Ice Magic
  1158 | D:3      | Reached skill level 1 in Air Magic
  1158 | D:3      | Reached skill level 1 in Earth Magic
  1158 | D:3      | Reached skill level 1 in Poison Magic
  1167 | D:3      | Reached XP level 5. HP: 42/47 MP: 5/7
  1226 | D:3      | Reached *** piety under Trog
  1788 | D:4      | Reached XP level 6. HP: 39/53 MP: 8/8
  1919 | D:4      | Found Yschefos's Self-Improvement Boutique.
  2020 | D:4      | Reached skill level 5 in Armour
  2020 | D:4      | Reached skill level 5 in Dodging
  2225 | D:4      | Noticed an orc warrior
  2248 | D:4      | Killed an orc warrior
  2252 | D:4      | Reached XP level 7. HP: 35/60 MP: 10/10
  2828 | D:5      | Entered Level 5 of the Dungeon
  2979 | D:5      | Reached **** piety under Trog
  3116 | D:5      | Reached XP level 8. HP: 67/67 MP: 12/12
  3205 | D:5      | Found Ypuchugu's General Store.
  3294 | D:5      | Found the amulet of Elemental Vulnerability {rPois rF--
                  | rC-- AC+8}
  3305 | D:5      | Found a staircase to the Ecumenical Temple.
  3465 | Temple   | Entered the Ecumenical Temple
  3470 | Temple   | HP: 1/67 [gnoll/+0 whip[a gnoll bouda] (3)]
  3471 | Temple   | Succumbed to a gnoll bouda's poison

Illustrated notes

Levels and vault maps discovered:
D:1:      saegor_arrival_simple_c, layout_rooms
D:2:      layout_basic, basic_altar
D:3:      layout_rooms, minmay_tree_intersection, minmay_misc_feat_ornament
D:4:      layout_loops_ring, nicolae_shop_self_help
D:5:      layout_basic, temple_green, serial_shops, shop, nicolae_hexahallways
Temple:   nicolae_temple_slightly_damp_pantheon

Skill      XL: |  1  2  3  4  5  6  7 |
---------------+----------------------+-----
Invocations    | 1 2 3 |  3.6
Short Blades   | 1 2 3 |  3.3
Long Blades    | 1 2 3 |  3.3
Maces & Flails | 1 2 3 |  3.3
Polearms       | 1 2 3 |  3.3
Staves         | 1 2 3 |  3.3
Ranged Weapons | 1 2 3 |  3.3
Throwing       | 1 2 3 |  3.3
Stealth        | 1 2 3 |  3.3
Shields        | 1 2 3 |  3.3
Unarmed Combat | 1 2 3 |  3.3
Spellcasting   | 1 2 3 |  3.3
Evocations     | 1 2 3 |  3.3
Conjurations   | 1 2 |  2.7
Hexes          | 1 2 |  2.7
Summonings     | 1 2 |  2.7
Necromancy     | 1 2 |  2.7
Translocations | 1 2 |  2.7
Transmutations | 1 2 |  2.7
Fire Magic     | 1 2 |  2.7
Ice Magic      | 1 2 |  2.7
Air Magic      | 1 2 |  2.7
Earth Magic    | 1 2 |  2.7
Poison Magic   | 1 2 |  2.7
Armour         | 5 |  5.7
Dodging        | 5 |  5.7
Fighting       | 7 |  7.4
Axes           | 7 |  7.4

Action                     |  1- 3 |  4- 6 |  7- 9 || total
---------------------------+-------+-------+-------++-------
  Melee: Hand axe          |    90 |   113 |       ||   203
         Bite              |    10 |    24 |     7 ||    41
         Unarmed           |       |    38 |       ||    38
         Quarterstaff      |       |    14 |    90 ||   104
    Use: Scroll            |       |     1 |     5 ||     6
         Potion            |       |     1 |     1 ||     2
 Armour: Animal skin       |     2 |       |       ||     2
         Ring mail         |    35 |    67 |    58 ||   160
  Dodge: Dodged            |    47 |   110 |    84 ||   241

Table legend: (Time is in decaauts)
 A = Elapsed time spent in this place.
 B = Non-inter-level travel time spent in this place.
 C = Inter-level travel time spent in this place.
 D = Time resting spent in this place.
 E = Time spent auto-exploring this place.
 F = Levels seen in this place.
 G = Mean time per level.
                   A        B        C        D        E       F      G
               +--------+--------+--------+--------+--------+-----+--------+
         Total |   3462 |   3350 |    112 |     91 |   2483 |   6 |  577.0 |
       Dungeon |   3456 |   3344 |    112 |     91 |   2483 |   5 |  691.2 |
        Temple |      6 |      6 |      0 |      0 |      0 |   1 |    6.0 |
               +--------+--------+--------+--------+--------+-----+--------+

Top non-repeatable levels by time:
     D:4: 1061 daAuts
     D:3: 672 daAuts
     D:5: 646 daAuts
     D:1: 605 daAuts
     D:2: 470 daAuts
  Temple: 6 daAuts
